 Dungeon Crawl Stone Soup version 0.26.0-10-g1f06aea511 (webtiles) character file.

Game seed: 11038372676078510802

1608 vatarom the Destroyer (level 8, -12/63 HPs)
             Began as a Green Draconian Conjurer on Jan 18, 2021.
             Was a Follower of Vehumet.
             Mangled by Menkaure (18 damage)
             ... on level 7 of the Dungeon.
             The game lasted 00:16:11 (7353 turns).

vatarom the Destroyer (Green Draconian Conjurer)    Turns: 7353, Time: 00:16:12

Health: -12/63     AC:  6    Str:  9    XL:     8   Next: 63%
Magic:  19/26      EV: 12    Int: 22    God:    Vehumet [*.....]
Gold:   205        SH:  0    Dex:  9    Spells: 5/19 levels left

rFire    . . .     SeeInvis .   s - +2 whip (elec)
rCold    + . .     Faith    .   (no shield)
rNeg     . . .     Spirit   .   (armour unavailable)
rPois    +         Reflect  .   (helmet restricted)
rElec    .         Harm     .   v - scarf {repulsion}
rCorr    .         Rampage  .   (no gloves)
Will     .....     Clarity  +   (no boots)
Stlth    ++........             a - amulet of magic regeneration
HPRegen  0.20/turn              x - ring of magical power
MPRegen  0.45/turn              c - ring of protection from cold

@: about to teleport, very slightly contaminated, invisible, repel missiles
A: breathe noxious fumes, unfitting armour, talons 1, clarity, poison
resistance, cold-blooded, AC +6
a: Breathe Noxious Fumes, Renounce Religion


You were on level 7 of the Dungeon.
You worshipped Vehumet.
Vehumet was aware of your devotion.
You visited 1 branch of the dungeon, and saw 7 of its levels.

You collected 361 gold pieces.
You spent 156 gold pieces at shops.

Inventory:

Hand Weapons
 l - a +0 dagger of protection
 s - a +2 whip of electrocution (weapon)
Missiles
 n - 30 poisoned darts
Armour
 u - a +0 pair of boots
 v - a scarf of repulsion (worn)
Jewellery
 a - an amulet of magic regeneration (around neck)
 c - a ring of protection from cold (right hand)
 f - an uncursed ring of protection from fire
 g - an uncursed ring of see invisible {unknown}
 i - an uncursed ring of fire
 p - an uncursed amulet of faith
 q - an uncursed amulet of guardian spirit {unknown}
 x - a ring of magical power (left hand)
Wands
 d - a wand of flame (18)
 h - a wand of enslavement (8)
 k - a wand of paralysis (8)
 m - a wand of polymorph (4)
Scrolls
 b - 3 scrolls of magic mapping
 t - a scroll of fog {unknown}
Potions
 e - 2 potions of brilliance {@q6}
 j - 2 potions of curing {@q1}
 o - a potion of cancellation


   Skills:
 - Level 3.3 Fighting
 - Level 1.7 Dodging
 - Level 1.7 Stealth
 + Level 6.4 Spellcasting
 + Level 9.0 Conjurations


You had 5 spell levels left.
You knew the following spells:

 Your Spells              Type           Power        Failure   Level
a - Magic Dart            Conj           100%         1%          1
b - Searing Ray           Conj           92%          1%          2
c - Dazzling Flash        Conj/Hex       52%          4%          3
d - Fulminant Prism       Conj/Hex       13%          14%         4
q - Iskenderun's Mystic   Conj/Tloc      26%          14%         4

Your spell library contained the following spells:

 Spells                   Type           Power        Failure   Level
 Shock                    Conj/Air       100%         1%          1


Dungeon Overview and Level Annotations

Branches:
Dungeon (7/15)
 Temple: D:4-7

Altars:
Ashenzari
Cheibriados
Dithmenos
Nemelex Xobeh
Trog
Vehumet
The Shining One

Shops:
D:6 [

Annotations:
D:7 Menkaure


Innate Abilities, Weirdness & Mutations

You can breathe blasts of noxious fumes.
Your lurid green scales are hard. (AC +6)
You cannot fit into any form of body armour.
Your system is resistant to poisons. (rPois)
You are cold-blooded and may be slowed by cold attacks.
You have sharp toenails.
You possess an exceptional clarity of mind.


Message History

Casting: Magic Dart (safe; 1% risk of failure)
Confirm with . or Enter, or press ? or * to list all spells.
You miscast Iskenderun's Mystic Blast.
You are very lightly contaminated with residual magic.
Energy rips through your body! Menkaure hits you!!
Unknown command.
Casting: Iskenderun's Mystic Blast (dangerous; 14% risk of failure)
Confirm with . or Enter, or press ? or * to list all spells.
You miscast Iskenderun's Mystic Blast.
Nothing appears to happen.
Menkaure hits you!
* * * LOW HITPOINT WARNING * * *
It was a potion of invisibility.
You fade into invisibility!
Menkaure hits you!
* * * LOW HITPOINT WARNING * * *
As you read the scroll of teleportation {@r3}, it crumbles to dust.
You feel strangely unstable.
Menkaure whispers drily.
Menkaure hits you!!
You die...

#.........#
#...##....#
#...##....#
#.........#
#.........#
#.........#
##+###....#
#...##....#
#..M@.....#
#.........#
#.........#
#+####....'..
#....#..
######... ##


You could see Menkaure.

Vanquished Creatures
  A water moccasin (D:6)
  A sky beast (D:7)
  4 ogres
  A centaur (D:7)
  A bullfrog (D:7)
  A wyvern skeleton (D:6)
  A howler monkey (D:5)
  2 hounds
  A centaur skeleton (D:5)
  A jelly (D:7)
  8 orc wizards
  3 orc priests
  A bullfrog skeleton (D:4)
  An iguana (D:5)
  2 worker ants
  4 gnolls (D:6)
  2 howler monkey skeletons
  7 adders
  An ufetubus (D:6)
  An ooze (D:2)
  An adder zombie (D:7)
  An adder skeleton (D:5)
  3 worms
  2 dart slugs
  7 leopard geckos
  27 orcs
  7 giant cockroaches
  12 goblins
  7 hobgoblins
  13 jackals
  6 kobolds
  2 quokkas
  8 bats
  6 frilled lizards
  A giant cockroach zombie (D:5)
  A leopard gecko skeleton (D:6)
  A quokka skeleton (D:4)
  7 rats
156 creatures vanquished.

Vanquished Creatures (others)
  A wizard (D:3)
  A quokka (D:7)
  4 fulminant prisms
6 creatures vanquished.

Grand Total: 162 creatures vanquished

Notes
Turn   | Place    | Note
-------+----------+-------------------------------------------
     0 | D:1      | vatarom the Draconian Conjurer began the quest for the Orb.
     0 | D:1      | Reached XP level 1. HP: 14/14 MP: 3/3
   166 | D:1      | Reached XP level 2. HP: 19/20 MP: 5/5
   635 | D:1      | Reached skill level 5 in Conjurations
   745 | D:2      | Reached XP level 3. HP: 25/26 MP: 6/6
   760 | D:2      | Learned a level 2 spell: Searing Ray
  1168 | D:2      | Learned a level 3 spell: Dazzling Flash
  1366 | D:2      | Reached XP level 4. HP: 27/33 MP: 7/7
  1688 | D:3      | Reached skill level 6 in Conjurations
  1688 | D:3      | Reached XP level 5. HP: 30/41 MP: 8/8
  1904 | D:3      | Found a bloodstained altar of Trog.
  1927 | D:3      | Noticed a wizard
  1933 | D:3      | Killed a wizard
  1954 | D:3      | Found a broken altar of Ashenzari.
  2418 | D:3      | Found a shadowy altar of Dithmenos.
  2545 | D:3      | Reached XP level 6. HP: 51/51 MP: 9/9
  3832 | D:4      | Learned a level 4 spell: Fulminant Prism
  3954 | D:4      | Reached skill level 7 in Conjurations
  3954 | D:4      | Your scales start taking on a lurid green colour.
  3954 | D:4      | Reached XP level 7. HP: 23/57 MP: 12/12
  3954 | D:4      | Gained mutation: Your system is resistant to poisons.
                  | (rPois) [Green Draconian growth]
  4553 | D:4      | Gained mutation: You have sharp toenails. [potion of
                  | mutation]
  4553 | D:4      | Gained mutation: You possess an exceptional clarity of
                  | mind. [potion of mutation]
  4917 | D:3      | Learned a level 4 spell: Iskenderun's Mystic Blast
  5056 | D:4      | Found a radiant altar of Vehumet.
  5201 | D:4      | Found a snail-covered altar of Cheibriados.
  5207 | D:4      | Became a worshipper of Vehumet
  5328 | D:5      | Entered Level 5 of the Dungeon
  5651 | D:5      | Reached skill level 5 in Spellcasting
  5742 | D:5      | Reached XP level 8. HP: 60/63 MP: 15/15
  6219 | D:5      | Found a glowing golden altar of the Shining One.
  6369 | D:6      | Reached skill level 8 in Conjurations
  6423 | D:6      | Found Yjoafer's Armour Boutique.
  6432 | D:6      | Bought a scarf of repulsion for 156 gold pieces
  6657 | D:6      | Reached * piety under Vehumet
  6657 | D:6      | Offered knowledge of Shock by Vehumet.
  6837 | D:6      | Found a sparkling altar of Nemelex Xobeh.
  7084 | D:7      | Reached skill level 9 in Conjurations
  7344 | D:7      | Noticed Menkaure
  7353 | D:7      | Mangled by Menkaure

Illustrated notes

Levels and vault maps discovered:
D:1:      eino_arrival_tree_alley, layout_basic, chequers_serial_rivers_marsh
D:2:      layout_basic
D:3:      layout_loops_corners, lemuel_round_altar,
          ashenzari_conservatory_becter, trog_wizard
D:4:      layout_gridville, cheibriados_altar_1, vehumet_altar_wand_db
D:5:      layout_basic, kennysheep_mini_moat,
          hangedman_abyss_or_decor_lesser_grid
D:6:      layout_cave_pools, nicolae_overflow_hidden_temple, serial_shops, shop
D:7:      minmay_clustersquares, layout_gridville, elyvilon_altar_4,
          general_overflow_altar, minmay_temple_entry_enclosed_plants,
          serial_shops, nicolae_shop_crystal, glass_columns_a, worms_lemuel,
          uniq_menkaure

Skill      XL: |  1  2  3  4  5  6  7  8 |
---------------+-------------------------+-----
Conjurations   | 5 6 7 9 |  9.0
Fighting       | 2 3 |  3.3
Spellcasting   | 3 5 6 |  6.4
Dodging        | |  1.7
Stealth        | |  1.7

Action                   |  1- 3 |  4- 6 |  7- 9 || total
-------------------------+-------+-------+-------++-------
Melee: Unarmed           |     9 |       |       ||     9
       Dagger            |    51 |    53 |    76 ||   180
       Tailslap          |     5 |     5 |    11 ||    21
       Kick              |       |       |    26 ||    26
       Whip              |       |       |    68 ||    68
 Cast: Magic Dart        |    66 |   102 |    78 ||   246
       Searing Ray       |     1 |    11 |     4 ||    16
       Dazzling Flash    |       |     6 |    11 ||    17
       Iskenderun's Myst |       |       |    15 ||    15
       Fulminant Prism   |       |       |     4 ||     4
  Use: Scroll            |     3 |     5 |     6 ||    14
       Potion            |       |     1 |     3 ||     4
 Stab: Sleeping          |       |     1 |     1 ||     2
       Invisible         |       |     1 |       ||     1
Armor: Skin              |    34 |    43 |    85 ||   162
Dodge: Dodged            |    65 |    78 |   154 ||   297
